Unix NetHack Version 3.7.0-70 Work-in-progress - last build Jan 20 2023 02:37:49 (416de4da9be3a1557180d233d1398bca634ded6a,branch:master). Game began 2023-01-29 15:24:25, ended 2023-01-29 15:35:20. Gandelf, neutral male human Monk ----+-- |.....| |.....|## |..<..-#### ---.--- ------- ## ......| # oooooho| ##### hohGooo| ##### GhokhkoG| # |hoGoGoGG| ###@hoGhGhho. ---------- Gandelf the Novice St:18 Dx:11 Co:13 In:11 Wi:12 Ch:10 Neutral S:1284 Dlvl:9 $:156 HP:0(36) Pw:21(21) AC:4 Xp:5/177 T:1696 Latest messages: The Mordor orc hits! The Mordor orc swings his curved sword. The Mordor orc hits! What do you want to drop? [$a-km-ptv-zBCEG-JM-P or ?*] P You drop a Mordor orc corpse. Your movements are now unencumbered. The Mordor orc picks up a knife. Your hands begin to glow red. The Mordor orc wields a curved sword! You hit the Mordor orc! Your hands stop glowing red. The Mordor orc appears confused. You miss the Mordor orc. The Mordor orc swings her curved sword. The Mordor orc just misses! What do you want to drink? [efz or ?*] ? Never mind. What do you want to read? [cdm-ovyCEGINO or ?*] C As you read the scroll, it disappears. You materialize in a different location! You are beginning to feel weak. What do you want to eat? [g-jxJ or ?*] ? This food really hits the spot! You finish eating the food ration. A trap door in the ceiling opens and a rock falls on your head! R - a pink potion. What do you want to drink? [efzR or ?*] ? Yecch! This stuff tastes like poison. (But in fact it was biologically contaminated slime mold juice.) Your judgement is impaired. You stop searching. You stop searching. You descend the stairs. The door opens. You find a hidden passage. You find a hidden door. The door resists! The door opens. You enter an opulent throne room! You hear the footsteps of a guard on patrol. You hit the bugbear! The bugbear zaps an iridium wand! The wand hits you! You hear the wailing of the Banshee... Are you sure you want to pray? [yn] (n) y You begin praying to Chih Sung-tzu. The bugbear zaps an iridium wand! The wand hits you! You die... Do you want your possessions identified? [ynq] (y) q Inventory: Coins $ - 156 gold pieces Weapons k - 8 cursed +0 darts t - 5 cursed -1 darts w - a +0 long sword H - a cursed +0 silver saber Armor a - an uncursed +2 pair of leather gloves (being worn) b - an uncursed +1 robe (being worn) Comestibles h - 5 uncursed apples g - 6 uncursed food rations j - 2 uncursed fortune cookies J - an uncursed fortune cookie i - 7 uncursed oranges x - an uncursed egg Scrolls v - a cursed scroll of amnesia m - an uncursed scroll of blank paper N - an uncursed scroll of blank paper O - 2 cursed scrolls of blank paper E - an uncursed scroll of create monster d - a blessed scroll of destroy armor o - a blessed scroll of fire y - an uncursed scroll of gold detection G - an uncursed scroll of identify I - an uncursed scroll of taming Spellbooks c - a blessed spellbook of confuse monster n - an uncursed spellbook of detect monsters Potions e - 3 uncursed potions of water f - 2 uncursed potions of water z - a potion of unholy water Rings M - an uncursed -3 ring of increase accuracy p - an uncursed ring of invisibility Gems/Stones B - an uncursed worthless piece of yellow glass Gandelf the Monk's attributes: Background: You were a Novice, a level 5 male human Monk. You were neutral, on a mission for Chih Sung-tzu who was opposed by Shan Lai Ching (lawful) and Huan Ti (chaotic). You were in the Dungeons of Doom, on level 9. You entered the dungeon 1696 turns ago. You had 177 experience points, 143 more were needed to attain level 6. Your score was 1284 before end-of-game adjustments. Basics: You had 0 out of 36 hit points. You had all 21 energy points (spell power). Your armor class was 4. Your wallet contained 156 zorkmids. Autopickup was on for '$?!+/=' plus thrown. Final Characteristics: Your strength was 18 (limit:18/100). Your dexterity was 11 (limit:18). Your constitution was 13 (limit:18). Your intelligence was 11 (limit:18). Your wisdom was 12 (peak:13, limit:18). Your charisma was 10 (limit:18). Final Status: You were not hungry. You were unencumbered. You were empty handed. You had basic skill with martial arts. Final Attributes: You were devoutly aligned. You were sleep resistant. You were poison resistant. You saw invisible. You were stealthy. You were guarded. You were fast. You were unlucky. You are dead. Miscellaneous: You never encountered a bones level. Total elapsed playing time was 10 minutes and 54 seconds. Major events: Turn 1: Gandelf the neutral male human Monk entered the dungeon 783: attained the rank of Novice (level 3) 1696: killed by a wand, while praying Vanquished creatures: 2 Mordor orcs a rock mole a paper golem 3 giant ants a floating eye a homunculus an orc zombie a dwarf zombie an iguana a yellow mold a red mold a gnome 3 gnome zombies a gecko a jackal 2 foxes 2 kobolds 2 grid bugs a kobold zombie 4 newts 31 creatures vanquished. No species were genocided or became extinct. Voluntary challenges: You followed a strict vegan diet. You never hit with a wielded weapon. You read items or engraved 1 time. You never engraved Elbereth. You never genocided any monsters. You never polymorphed an object. You never changed form. You used no wishes. Achievement: You attained the rank of Novice. The Dungeons of Doom: levels 1 to 9 Level 1: Level 2: Level 3: A fountain. Level 4: Level 5: An altar, a fountain. Level 6: An altar, some fountains, a sink. Level 7: A fountain. Level 8: Level 9: <- You were here. A throne. Final resting place for you, killed by a wand, while praying. Game over: ---------- / \ / REST \ / IN \ / PEACE \ / \ | Gandelf | | 156 Au | | killed by a wand | | | | | | | | 2023 | *| * * * | * _________)/\\_//(\/(/\)/\//\/|_)_______ Goodbye Gandelf the Monk... You died in The Dungeons of Doom on dungeon level 9 with 1269 points, and 156 pieces of gold, after 1696 moves. You were level 5 with a maximum of 36 hit points when you died.